Map: Kairos Junction LE

Players

Reynor - Winner!

  • Race: Zerg Zerg
  • Spawn Location: 5:00

Serral

  • Race: Zerg Zerg
  • Spawn Location: 11:00

Event: 2019 WCS Summer

VOD

Have the link to the VOD?

Description

Time

  • Played on: July 14, 2019, 2:55 p.m.
  • Length: 7:22

All games in this series

Show
View Real Time Build Order
Export as new Build Order

Reynor Zerg - Winner!

Build Orders: Hatch First 

Get SALT Encoding   

  12  0:00  Drone  
  13  0:12  Drone  
  14  0:16  Overlord  
  14  0:24  Drone, Extractor  
  16  0:35  Drone  
  16  0:48  Hatchery  
  15  0:51  Drone  
  15  0:55  Drone  
  17  0:58  Drone  
  18  1:08  Extractor  
  17  1:14  Spawning Pool  
  17  1:17  Drone  
  17  1:20  Drone  
  18  1:27  Drone  
  19  1:38  Drone  
  20  1:48  Drone  
  21  2:00  Drone, Overlord  
  21  2:01  Queen x2  
  26  2:10  Drone  
  26  2:11  Drone  
  28  2:20  Drone  
  28  2:22  Drone  
  30  2:35  Drone, Hatchery  
  30  2:38  Drone  
  30  2:42  Drone  
  32  2:46  Drone  
  32  2:47  Evolution Chamber  
  32  2:54  Overlord  
  32  2:56  Drone  
  33  2:58  Queen  
  35  3:06  Drone  
  35  3:12  Drone x3, Overlord  
  39  3:13  Drone x3  
  39  3:17  Zerg Missile Weapons Level 1  
  42  3:21  Drone x2  
  44  3:28  Roach Warren  
  44  3:31  Lair  
  44  3:33  Drone  
  44  3:35  Drone  
  44  3:37  Extractor  
  44  3:39  Extractor  
  44  3:40  Drone  
  44  3:42  Overlord  
  44  3:51  Drone  
  44  3:53  Overlord  
  45  4:02  Drone x3  
  48  4:09  Roach x5  
  58  4:13  Roach  
  58  4:14  Roach  
  58  4:15  Overlord  
  62  4:18  Spine Crawler, Roach  
  62  4:22  Roach  
  65  4:24  Overlord  
  65  4:27  Roach  
  67  4:32  Overlord  
  67  4:35  Roach x2  
  67  4:38  Roach  
  73  4:42  Overlord  
  73  4:44  Roach  
  75  4:46  Roach  
  75  4:50  Roach  
  75  4:51  Roach  
  81  4:53  Roach  
  85  5:00  Roach x2  
  85  5:03  Roach x2  
  85  5:05  Roach  
  89  5:08  Roach  
  87  5:14  Drone  
  87  5:16  Roach x2  
  87  5:17  Roach  
  82  5:21  Roach  
  82  5:23  Roach  
  82  5:25  Roach  
  82  5:29  Roach  
  82  5:31  Drone x2  
  80  5:39  Drone  
  80  5:40  Drone x5  
  86  5:51  Drone  
  86  5:52  Drone x4  
  86  5:54  Drone, Extractor  
  86  5:56  Drone  
  92  5:59  Glial Reconstitution  
  92  6:01  Overlord  
  92  6:04  Drone  
  93  6:05  Drone  
  93  6:08  Extractor  
  93  6:12  Drone  
  93  6:13  Drone  
  93  6:15  Overlord  
  95  6:21  Roach x4  
  95  6:22  Roach  
  105  6:26  Overseer  
  105  6:27  Overlord  
  105  6:33  Overlord  
  105  6:35  Roach x4  
  105  6:37  Overlord  
  115  6:47  Roach x3  
  115  6:50  Roach  
  121  6:54  Roach x2  
  121  6:55  Roach x2, Overlord  
  121  6:57  Ravager, Roach  
  121  7:00  Roach  
Show
View Real Time Build Order
Export as new Build Order

Serral Zerg 

Build Orders: Hatch First 

Get SALT Encoding   

  12  0:00  Drone  
  13  0:12  Overlord  
  13  0:16  Drone  
  14  0:30  Drone x2  
  16  0:48  Hatchery  
  15  0:52  Drone  
  15  0:55  Drone  
  17  1:10  Spawning Pool  
  16  1:12  Extractor  
  16  1:14  Drone  
  16  1:17  Drone  
  17  1:20  Drone  
  18  1:28  Drone  
  19  1:38  Drone  
  20  1:50  Overlord  
  20  1:56  Queen  
  20  1:59  Queen  
  25  2:01  Drone x2  
  26  2:11  Drone x2  
  28  2:22  Drone x2  
  30  2:33  Drone x2  
  30  2:35  Lair, Queen  
  34  2:37  Extractor  
  34  2:42  Evolution Chamber  
  32  2:44  Drone x2  
  34  2:55  Roach Warren, Overlord  
  33  2:58  Drone  
  33  3:04  Overlord  
  34  3:08  Zerg Missile Weapons Level 1  
  34  3:16  Drone x2  
  36  3:23  Drone x4  
  40  3:28  Queen  
  40  3:32  Overlord  
  42  3:37  Glial Reconstitution  
  42  3:41  Overlord  
  42  3:46  Overlord  
  42  3:52  Roach x2  
  46  3:58  Roach x2  
  46  4:00  Overlord  
  50  4:03  Roach  
  50  4:07  Roach  
  54  4:12  Roach x2  
  58  4:19  Roach  
  58  4:20  Roach  
  62  4:28  Overlord  
  62  4:33  Roach x2  
  62  4:37  Roach x3  
  72  4:44  Roach x2  
  76  4:56  Roach x2  
  80  5:11  Roach x2  
  78  5:18  Roach x4  
  78  5:19  Queen  
  74  5:26  Roach x2  
  74  5:30  Hatchery  
  74  5:32  Extractor  
  64  5:39  Roach  
  64  5:40  Roach  
  68  5:47  Roach x3  
  68  5:48  Overlord x2  
  74  6:00  Overlord  
  74  6:01  Roach x2  
  78  6:07  Queen  
  80  6:12  Roach x2  
  80  6:15  Roach x2  
  88  6:20  Roach  
  88  6:24  Roach  
  92  6:29  Roach x2  
  96  6:35  Roach  
  96  6:36  Roach  
  100  6:46  Roach x3  
  106  6:55  Overlord  
Tags
 
Add a new tag
Caveats
  • Supply blocks, unpowered buildings, or Contaminate may cause inaccurate times.
  • Supply counts are checked every 10 seconds.